Map: Cyber Forest LE

Players

llllllllllll (Stats) - Winner!

  • Race: Protoss Protoss
  • League: Grandmaster
  • Spawn Location: 11:00

liquidthermy (uThermal)

  • Race: Terran Terran
  • Spawn Location: 5:00

Event: HomeStory Cup XIX

VOD

Have the link to the VOD?

Description

Time

  • Played on: June 27, 2019, 2:45 p.m.
  • Length: 5:25

All games in this series

Show
View Real Time Build Order
Export as new Build Order

llllllllllll Protoss - Winner!

Build Orders: 1 Gate Expand, Blink Stalkers 

Get SALT Encoding   

  12  0:00  Probe  
  13  0:13  Probe  
  14  0:17  Pylon  
  14  0:24  Probe  
  15  0:32  Probe  
  15  0:38  Gateway  
  15  0:40  Probe  
  16  0:47  Assimilator  
  17  0:51  Probe  
  18  1:03  Probe  
  19  1:15  Probe  
  20  1:25  Cybernetics Core  
  20  1:33  Nexus  
  20  1:37  Probe  
  21  1:44  Pylon  
  21  1:50  Assimilator  
  21  1:51  Probe  
  22  2:00  Probe  
  22  2:02  Warp Gate  
  22  2:05  Stalker  
  25  2:09  Probe  
  26  2:17  Probe  
  27  2:28  Probe  
  28  2:34  Twilight Council  
  28  2:36  Probe  
  28  2:37  Stalker  
  28  2:42  Probe  
  31  2:44  Probe  
  31  2:50  Probe  
  33  2:52  Blink  
  33  2:56  Probe  
  35  3:01  Gateway  
  35  3:02  Probe  
  36  3:08  Probe  
  37  3:15  Stalker  
  37  3:19  Probe  
  40  3:20  Probe  
  40  3:24  Pylon  
  41  3:32  Probe x2  
  41  3:33  Robotics Facility  
  43  3:43  Assimilator  
  43  3:44  Probe x2  
  43  3:47  Pylon  
  45  3:56  Stalker x2, Probe x2  
  51  4:04  Gateway  
  51  4:06  Gateway  
  52  4:10  Probe  
  52  4:14  Observer  
  52  4:15  Pylon  
  52  4:22  Stalker x2  
  57  4:25  Pylon  
  57  4:28  Probe x2  
  59  4:32  Observer  
  60  4:44  Nexus  
  60  4:48  Pylon  
  62  5:01  Stalker x2  
  62  5:02  Stalker  
  66  5:10  Stalker  
Show
View Real Time Build Order
Export as new Build Order

liquidthermy Terran 

Build Orders:  

Get SALT Encoding   

  12  0:01  SCV  
  13  0:13  SCV  
  14  0:16  Supply Depot  
  14  0:25  SCV  
  15  0:38  SCV  
  15  0:39  Barracks  
  16  0:43  Refinery  
  16  0:50  SCV  
  17  1:02  SCV  
  18  1:14  SCV  
  19  1:25  Marine  
  19  1:27  Orbital Command  
  20  1:44  Command Center  
  20  1:46  Barracks Reactor  
  20  1:53  SCV  
  21  2:01  Supply Depot  
  21  2:05  SCV  
  22  2:13  Barracks  
  22  2:17  SCV  
  23  2:23  Marine x2  
  25  2:31  SCV, Factory  
  25  2:37  Refinery  
  26  2:40  Marine  
  26  2:41  Marine  
  26  2:43  SCV  
  28  2:55  SCV  
  28  2:56  Orbital Command  
  29  3:00  Marine x2  
  29  3:03  Barracks Tech Lab  
  31  3:07  SCV  
  32  3:15  Factory Tech Lab  
  32  3:18  Marine  
  33  3:21  Marine  
  33  3:22  Combat Shield, Marine  
  33  3:25  SCV  
  37  3:27  SCV  
  37  3:33  Siege Tank  
  40  3:37  Supply Depot  
  40  3:39  Marine  
  40  3:41  Marine  
  42  3:43  SCV  
  42  3:46  SCV  
  42  3:48  Marine  
  45  3:52  Supply Depot  
  45  3:57  Marine  
  45  3:58  Marine, SCV  
  45  3:59  SCV  
  49  4:05  Siege Tank  
  52  4:10  Marine, Supply Depot  
  52  4:14  SCV  
  52  4:15  SCV  
  52  4:16  Marine  
  56  4:24  Supply Depot  
  56  4:25  Marine  
  56  4:26  SCV  
  56  4:28  SCV  
  56  4:31  Marine  
  60  4:34  Marine  
  61  4:38  SCV  
  61  4:43  Siege Tank  
  65  4:47  SCV  
  65  4:48  Marine  
  65  4:50  Marine  
  68  4:55  Barracks  
  68  4:58  SCV  
  69  5:00  Marine  
  69  5:02  SCV  
  69  5:07  Marine  
  67  5:10  SCV  
Tags
 
Add a new tag
Caveats
  • Supply blocks, unpowered buildings, or Contaminate may cause inaccurate times.
  • Supply counts are checked every 10 seconds.